 Dungeon Crawl Stone Soup version 0.27-a0-920-gb2bd10914a (webtiles) character file.

Game seed: 6648196408176268164

21 kae the Insei (level 2, -6/23 HPs)
             Began as a Demonspawn Gladiator on Apr 9, 2021.
             Mangled by an iguana (8 damage)
             ... on level 2 of the Dungeon.
             The game lasted 00:01:24 (1535 turns).

kae the Insei (Demonspawn Gladiator)                Turns: 1535, Time: 00:01:25

Health: -6/23      AC:  5    Str: 14    XL:     2   Next: 65%
Magic:  2/2        EV: 12    Int:  9    God:
Gold:   80         SH:  0    Dex: 14    Spells: 1/1 levels left

rFire    . . .     SeeInvis .     - Unarmed
rCold    . . .     Faith    .   (no shield)
rNeg     . . .     Spirit   .   a - +0 leather armour
rPois    .         Reflect  .   b - +0 helmet
rElec    .         Harm     .   (no cloak)
rCorr    .         Rampage  .   (no gloves)
Will     .....                  (no boots)
Stlth    +.........             (no amulet)
HPRegen  0.07/turn              (no ring)
MPRegen  0.08/turn              (no ring)

@: no status effects
A: rugged brown scales 1
a: no special abilities


You were on level 2 of the Dungeon.
You visited 1 branch of the dungeon, and saw 2 of its levels.

You collected 80 gold pieces.

Inventory:

Missiles
 c - 3 throwing nets (quivered)
Armour
 a - a +0 leather armour (worn)
 b - a +0 helmet (worn)
Potions
 d - 2 potions of degeneration {unknown}
 f - a potion of lignification {unknown}


   Skills:
 + Level 2.3 Fighting
 - Level 1.7 Throwing
 + Level 2.9 Dodging
 * Level 3.2 Unarmed Combat


You had one spell level left.
You didn't know any spells.
Your spell library was empty.

Dungeon Overview and Level Annotations

Branches:
Dungeon (2/15)

Altars:


Innate Abilities, Weirdness & Mutations

You are partially covered in rugged brown scales. (AC +1, +3% HP)


Message History

An iguana and a bat come into view.
The iguana hisses angrily.
There are monsters nearby!
There is an open door here.
The bat misses you.
There is an open door here.
The bat closely misses you. The bat misses you.
You miss the bat. The bat hits you but does no damage.
The bat barely misses you.
You barely miss the bat. The bat closely misses you. The bat misses you.
The bat misses you. The bat closely misses you. The bat closely misses you.
You closely miss the bat. The bat hits you but does no damage. x2
You closely miss the bat. The bat hits you but does no damage.
The bat misses you.
You barely miss the bat. The bat misses you.
You miss the bat. The bat hits you.
You hit the bat.
The bat is severely wounded.
The bat misses you. x2
You hit the bat but do no damage.
The bat is severely wounded.
The bat hits you but does no damage. x2; The bat barely misses you.
You hit the bat.
You kill the bat!
You closely miss the iguana. The iguana bites you!
You are too injured to fight recklessly!
You are too injured to fight recklessly!
You are too injured to fight recklessly!
You are too injured to fight recklessly!
You closely miss the iguana. The iguana misses you.
You hit the iguana.
The iguana is moderately wounded.
The iguana bites you!
* * * LOW HITPOINT WARNING * * *
You completely miss the iguana.
The iguana is moderately wounded.
The iguana bites you!
You die...

.... ##.....
.>.####.. #......
....##.. #.##...
#...#..## .. #.##
#...#...# # #.#
#...###.#######.#
#...'...........#
#...#..........##
#@###..........#
#l# #..........#
#.###...########
#...'...#
..8######...#
#....l..'...#
#.......#####
..8###### .


You could see an iguana.

Vanquished Creatures
  4 bats
  3 endoplasms (D:1)
  A goblin (D:1)
  2 kobolds (D:1)
  A quokka (D:1)
  2 ball pythons (D:1)
  2 frilled lizards (D:1)
  6 rats (D:1)
21 creatures vanquished.

Notes
Turn   | Place    | Note
-------+----------+-------------------------------------------
     0 | D:1      | kae the Demonspawn Gladiator began the quest for the Orb.
     0 | D:1      | Reached XP level 1. HP: 16/16 MP: 1/1
   537 | D:1      | Found a faded altar of an unknown god.
   610 | D:1      | Reached skill level 3 in Unarmed Combat
   612 | D:1      | Gained mutation: You are partially covered in rugged brown
                  | scales. (AC +1, +3% HP) [demonic ancestry]
   612 | D:1      | Reached XP level 2. HP: 15/22 MP: 2/2
  1535 | D:2      | Mangled by an iguana

Illustrated notes

Levels and vault maps discovered:
D:1:      dpeg_arrival_water_fire, layout_basic, ebering_ecumenical_altar_rust,
          st_stairs_13, minmay_tetromino_o4
D:2:      minmay_chambers_of_twos, layout_basic, minmay_cupped,
          uniq_crazy_yiuf_cottage

Skill      XL: |  1 |
---------------+----+-----
Unarmed Combat | 3 |  3.2
Fighting       | |  2.3
Throwing       | |  1.7
Dodging        | |  2.9

Action                   || total
-------------------------++-------
Melee: Unarmed           ||    94
       Punch             ||     1
  Use: Scroll            ||     1
Armor: Leather armour    ||    33
Dodge: Dodged            ||    68

Table legend: (Time is in decaauts)
 A = Elapsed time spent in this place.
 B = Non-inter-level travel time spent in this place.
 C = Inter-level travel time spent in this place.
 D = Time resting spent in this place.
 E = Time spent auto-exploring this place.
 F = Levels seen in this place.
 G = Mean time per level.
                   A        B        C        D        E       F      G
               +--------+--------+--------+--------+--------+-----+--------+
         Total |   1529 |   1508 |     21 |    384 |    950 |   2 |  764.5 |
       Dungeon |   1529 |   1508 |     21 |    384 |    950 |   2 |  764.5 |
               +--------+--------+--------+--------+--------+-----+--------+

Top non-repeatable levels by time:
     D:1: 1423 daAuts
     D:2: 105 daAuts
